 Dungeon Crawl Stone Soup version bcrawl-1.39.1 (webtiles) character file.

Game seed: 7963306883277502278

546452 Finalfun the Cleaver (level 13, -3/165 HPs)
             Began as a Minotaur Archaeologist on Sept 26, 2023.
             Was an Elder of Trog.
             Slain by a cane toad (9 damage)
             ... on level 6 of the Lair of Beasts.
             The game lasted 00:47:12 (13002 turns).

Finalfun the Cleaver (Minotaur Archaeologist)      Turns: 13002, Time: 00:47:13

Health: -3/165     AC: 21    Str: 26    XL:     13   Next: 52%
Magic:  17/17      EV:  4    Int: 11    God:    Trog [****..]
Gold:   944        SH: 35    Dex: 16    Spells: 12/12 levels left

rFire    + . .     GDR:     34% a - +1 broad axe
rCold    . . .     SeeInvis .   G - +18 shield of the Gong {rElec rN+ MR+ EV-5}
rNeg     + . .     Gourm    .   C - +0 plate armour
rPois    +         Faith    .   c - +2 hat {MR+}
rElec    +         Spirit   .   F - +0 cloak
rCorr    .         Reflect  +   u - +0 pair of gloves
MR       +++++                  s - +1 pair of boots
Stlth    ..........             h - +4 amulet of reflection
HPRegen  1.97/turn              x - +5 ring of dexterity
MPRegen  0.15/turn              L - ring "Sushrin" {+Blink rPois rF+ Dex+2 Stlth--}

@: berserking, regenerating, very quick
A: retaliatory headbutt, horns 2
a: Berserk, Trog's Hand, Brothers in Arms, Renounce Religion, Evoke Blink


You were on level 6 of the Lair of Beasts.
You worshipped Trog.
Trog was greatly pleased with you.
You were very hungry.

You visited 2 branches of the dungeon, and saw 13 of its levels.
You also visited: Gauntlet.

You collected 944 gold pieces.

Inventory:

Hand Weapons
 a - a +1 broad axe (weapon)
 b - a +0 blowgun
 n - the +9 quarterstaff of the Key {crush, Str+3}
   (You found it on level 7 of the Dungeon)

   It will always inflict at least some extra damage.
   This minimum extra damage increases with your current reserve of magical
   power.
   It affects your strength (+3).
 J - the +1 rapier of Courage {pierce, rC++}
   (You found it in a Gauntlet)

   It will always inflict at least some extra damage.
   This minimum extra damage increases with your current reserve of magical
   power.
   It greatly protects you from cold.
Missiles
 k - 1552 stones
 o - 279 poisoned needles
 t - 39 needles of confusion
 I - 323 javelins (quivered)
Armour
 c - a +2 hat of magic resistance (worn)
 s - a +1 pair of boots (worn)
 u - a +0 pair of gloves (worn)
 C - a +0 plate armour (worn)
 F - a +0 cloak (worn)
 G - the +18 shield of the Gong (worn) {rElec rN+ MR+ EV-5}
   (You found it on level 2 of the Lair of Beasts)

   It affects your evasion (-5).
   It insulates you from electricity.
   It protects you from negative energy.
   It affects your resistance to hostile enchantments.
Jewellery
 h - a +4 amulet of reflection (around neck)
 x - a +5 ring of dexterity (left hand)
 y - an uncursed ring of see invisible
 L - the ring "Sushrin" (right hand) {+Blink rPois rF+ Dex+2 Stlth--}
   (You found it in a Gauntlet)

   [ring of attention]

   It affects your dexterity (+2).
   It protects you from fire.
   It protects you from poison.
   It lets you blink.
   It makes you much less stealthy.
Wands
 q - a wand of digging (8)
 P - a wand of polymorph (1)
Scrolls
 g - 3 scrolls of revelation
 l - 3 scrolls of fog
 m - 6 scrolls of remove curse
 p - 2 scrolls of enchant weapon
 w - 2 scrolls of enchant armour
 D - a scroll of summoning {unknown}
 H - a scroll of immolation
 M - 2 scrolls of vulnerability
Potions
 d - a potion of agility {unknown}
 f - a potion of haste {unknown}
 r - a potion of flight
 v - a potion of mutation
 z - a potion of heal wounds
 B - 2 potions of cancellation
 E - 2 potions of curing
 Q - a potion of lignification
 R - a potion of brilliance
Miscellaneous
 A - a phial of floods
 K - a lightning rod (4/4)
 N - a fan of gales (2/2)
 O - a box of beasts
Comestibles
 e - 7 rations {!d}


   Skills:
 - Level 8.8 Fighting
 + Level 13.5(13.7) Axes
   Level 1.2(11.3) Maces & Flails
   Level 4.0(11.9) Polearms
 - Level 11.0(11.3) Staves
 - Level 6.0 Throwing
 - Level 8.7 Armour
 - Level 8.8 Dodging
 - Level 3.0 Stealth
 - Level 10.0 Shields
 + Level 6.8 Evocations


You had 12 spell levels left.
You didn't know any spells.
Your spell library was empty.

Dungeon Overview and Level Annotations

Branches:
Dungeon (7/12)             Temple (0/1) D:4            Lair (6/6) D:7
 Spider (0/3) Lair:2          Elf (0/3) Lair:5
  Swamp: Lair:2-4    Shoals: Lair:2-4     Snake: Lair:2-4

Altars:
Hepliaklqana
Qazlal
Trog

Annotations:
D:5 Menkaure, Pikel
D:6 2 transporters, exclusions: 2 electric eels and 2 more exclusions, yrara's ghost, novice DsFi
Lair:4 exclusion: 4 oklob plants


Innate Abilities, Weirdness & Mutations

You reflexively headbutt those who attack you in melee.
You have a pair of horns on your head.


Message History

The 14-headed hydra bites you.
* * * LOW HITPOINT WARNING * * *
The 14-headed hydra bites you but does no damage.
The 14-headed hydra bites you.
* * * LOW HITPOINT WARNING * * *
The 14-headed hydra bites you but does no damage.
The 14-headed hydra bites you.
* * * LOW HITPOINT WARNING * * *
The 14-headed hydra bites you but does no damage. x4
The 14-headed hydra bites you.
* * * LOW HITPOINT WARNING * * *
The 14-headed hydra bites you but does no damage.
You hear a loud, deep croak!
You hear a roar!
You hit the 14-headed hydra.
The 14-headed hydra is heavily wounded.
You hit the cane toad. You closely miss the blink frog.
You block the blink frog's attack.
PTOANNNG!
The cane toad hits you!
You die...

.#.......≈≈≈≈..≈≈≈≈.....
...#P
##......≈≈≈.<≈≈≈≈......
.....
#.#.....≈≈≈≈.≈≈≈≈.....F
.....
##.##...≈≈≈≈≈≈≈≈≈......
.....
#.#....≈≈≈≈≈≈≈≈≈.....F
.....
.#.......≈≈†≈≈≈....§..
.....
............≈=.....#
..P..
....P........FF.#....
.....
..##.........@D.#....
..#.. .#
#..........F.....# .....
#...................
..#..
..$..............#...
.....
#......(..........#..
.... #.............#...#
..P# ###.#P.#..########
.# #########


You could see a 14-headed hydra, a cane toad, a blink frog and a bullfrog.

Vanquished Creatures
  2 minotaurs
  4 hydras
  A catoblepas (Lair:5)
  Sonja (Lair:2)
  6 death yaks (Lair:5)
  A wizard (Gauntlet)
  3 oklob plants (Lair:4)
  An elephant (D:7)
  3 black mambas
  A smoke demon (Gauntlet)
  18 cane toads
  2 rime drakes
  3 komodo dragons
  A dryad (D:7)
  A red devil (Gauntlet)
  A polar bear (Lair:4)
  A tyrant leech (Lair:2)
  2 hornets
  20 blink frogs
  8 hippogriffs
  4 dream sheep (Lair:5)
  Grum (Lair:3)
  3 shadows (Gauntlet)
  19 yaks
  A wyvern (Lair:4)
  2 basilisks
  6 vampire mosquitoes (Lair:6)
  7 crocodiles
  4 water moccasins
  2 porcupines
  3 sky beasts
  An orc warrior (D:5)
  A necrophage (D:6)
  A phantom (D:3)
  An ice beast (D:7)
  3 ogres
  2 wolves (Lair:3)
  25 bullfrogs
  2 centaurs
  5 scorpions
  A statue (D:7)
  An electric eel (D:7)
  A howler monkey (D:5)
  2 orc priests
  4 crimson imps
  A bullfrog zombie (D:3)
  2 hounds
  2 bullfrog skeletons
  A jelly (D:6)
  An orc wizard (D:6)
  A gnoll shaman (D:6)
  6 hell rats (Lair:5)
  2 worker ants
  A worker ant zombie (D:6)
  4 adders
  A howler monkey skeleton (D:3)
  4 shadow imps
  A white imp (Gauntlet)
  An ooze (D:3)
  An adder skeleton (D:4)
  4 worms
  A dart slug (D:1)
  6 leopard geckos
  22 orcs
  A ball python (D:2)
  A giant cockroach (D:4)
  4 goblins
  4 hobgoblins
  6 quokkas
  4 bats
  3 frilled lizards
  6 kobolds
  A quokka skeleton (D:6)
  4 rats
  6 plants
  A snaplasher vine (D:7)
285 creatures vanquished.

Vanquished Creatures (others)
  A centaur (D:6)
  An orc wizard (D:3)
  2 bushes (Lair:5)
  14 fungi
  59 plants
77 creatures vanquished.

Grand Total: 362 creatures vanquished

Notes
Turn   | Place    | Note
-------+----------+-------------------------------------------
     0 | D:1      | Finalfun the Minotaur Archaeologist began the quest for the
                  | Orb.
     0 | D:1      | Reached XP level 1. HP: 16/16 MP: 0/0
   263 | D:1      | Reached XP level 2. HP: 16/23 MP: 1/1
   405 | D:1      | Reached skill level 1 in Armour
   858 | D:2      | Found a bloodstained altar of Trog.
   953 | D:2      | Became a worshipper of Trog the Wrathful
  1050 | D:2      | Reached XP level 3. HP: 20/29 MP: 2/2
  1305 | D:3      | Reached XP level 4. HP: 35/37 MP: 3/3
  1449 | D:3      | Reached XP level 5. HP: 43/45 MP: 4/4
  1449 | D:3      | Identified a scroll of acquirement
  1451 | D:2      | Identified the ring "Librawuu" {Ice Int+6 Stlth+} (You
                  | acquired it on level 2 of the Dungeon)
  1497 | D:3      | Noticed a phantom
  1647 | D:3      | Noticed a sky beast
  1700 | D:3      | Reached * piety under Trog
  1924 | D:3      | Killed a phantom
  1925 | D:3      | Reached skill level 5 in Dodging
  1925 | D:3      | Reached XP level 6. HP: 52/52 MP: 5/5
  2149 | D:3      | Killed a sky beast
  2489 | D:4      | Reached skill level 1 in Polearms
  2846 | D:4      | Reached XP level 7. HP: 53/60 MP: 6/6
  2898 | D:4      | Found a staircase to the Ecumenical Temple.
  3297 | D:5      | Entered Level 5 of the Dungeon
  3373 | D:5      | Reached skill level 5 in Fighting
  3529 | D:5      | Reached skill level 5 in Armour
  3743 | D:5      | Reached ** piety under Trog
  3765 | D:5      | Noticed Menkaure
  3765 | D:5      | Noticed Pikel
  3838 | D:6      | Reached XP level 8. HP: 68/70 MP: 7/7
  3972 | D:6      | Found a hazy altar of Hepliaklqana.
  4029 | D:6      | Found a transporter.
  4031 | D:6      | Found a transporter.
  4042 | D:6      | Noticed yrara's ghost (novice DsFi)
  4061 | D:6      | Found a stormy altar of Qazlal.
  4396 | D:6      | Noticed a hippogriff
  4404 | D:6      | Killed a hippogriff
  4900 | D:7      | Noticed a hornet
  4906 | D:7      | Killed a hornet
  4907 | D:7      | Reached XP level 9. HP: 81/81 MP: 8/8
  5354 | D:7      | Got a slimy quarterstaff
  5501 | D:7      | Found a staircase to the Lair.
  5501 | D:7      | Noticed an elephant
  5520 | D:7      | Killed an elephant
  5607 | D:7      | Noticed a dryad
  5937 | D:7      | Identified the +9 quarterstaff of the Key {crush, Str+3}
                  | (You found it on level 7 of the Dungeon)
  6109 | Lair:1   | Entered Level 1 of the Lair of Beasts
  6112 | Lair:1   | Reached skill level 1 in Staves
  6136 | Lair:1   | Noticed a rime drake
  6137 | Lair:1   | Noticed a cane toad
  6144 | Lair:1   | Killed a rime drake
  6150 | Lair:1   | Killed a cane toad
  6151 | Lair:1   | Reached skill level 5 in Staves
  6155 | Lair:1   | Reached XP level 10. HP: 57/90 MP: 9/9
  6446 | Lair:1   | Noticed a cane toad
  6463 | Lair:1   | Killed a cane toad
  6657 | Lair:1   | Reached skill level 10 in Staves
  7093 | Lair:2   | Found the +18 shield of the Gong {rElec rN+ MR+ EV-5}
  7137 | Lair:2   | Reached *** piety under Trog
  7181 | Lair:2   | Noticed Sonja
  7191 | Lair:2   | Killed Sonja
  7537 | Lair:2   | Found a hole to the Spider Nest.
  7622 | Lair:2   | Reached skill level 1 in Axes
  7778 | Lair:2   | Reached skill level 2 in Axes
  8222 | Lair:2   | Noticed a four-headed hydra
  8232 | Lair:2   | Noticed an eight-headed hydra
  8266 | Lair:2   | Killed a four-headed hydra
  8267 | Lair:2   | Reached skill level 3 in Axes
  8267 | Lair:2   | Reached skill level 5 in Shields
  8267 | Lair:2   | Reached XP level 11. HP: 95/95 MP: 10/10
  8482 | Lair:3   | Reached skill level 4 in Axes
  8553 | Lair:3   | Reached skill level 5 in Axes
  8604 | Lair:2   | Reached skill level 6 in Axes
  8864 | Lair:3   | Found a gate leading to a gauntlet.
  8874 | Gauntlet | Entered a Gauntlet
  8874 | Gauntlet | Found a transporter.
  8883 | Gauntlet | Noticed a wizard
  8885 | Gauntlet | Found a transporter.
  8887 | Gauntlet | Found a transporter.
  8896 | Gauntlet | Found a transporter.
  8911 | Gauntlet | Found a transporter.
  8917 | Gauntlet | Found a transporter.
  8931 | Gauntlet | Noticed a wolf spider
  8934 | Gauntlet | Found a transporter.
  8953 | Gauntlet | Found a transporter.
  8962 | Gauntlet | Noticed a red ugly thing
  8962 | Gauntlet | Noticed a green ugly thing
  8964 | Gauntlet | Noticed a great orb of eyes
  8965 | Gauntlet | Found a transporter.
  8977 | Gauntlet | Found a transporter.
  8977 | Gauntlet | Noticed a two-headed ogre
  8979 | Gauntlet | Noticed an anaconda
  8979 | Gauntlet | a two-headed ogre changed into an anaconda
  8987 | Gauntlet | Noticed a sea snake
  8987 | Gauntlet | an anaconda changed into a sea snake
  8988 | Gauntlet | a sea snake changed into a moth of wrath
  8989 | Gauntlet | Found a transporter.
  8993 | Gauntlet | Noticed an orb spider
  8993 | Gauntlet | a yak changed into an orb spider
  9001 | Gauntlet | Found a transporter.
  9006 | Gauntlet | Noticed an unseen horror
  9006 | Gauntlet | a salamander changed into an unseen horror
  9008 | Gauntlet | Noticed a two-headed ogre
  9008 | Gauntlet | a torpor snail changed into a two-headed ogre
  9013 | Gauntlet | a two-headed ogre changed into a faun
  9016 | Gauntlet | Noticed an orb spider
  9018 | Gauntlet | Found a transporter.
  9027 | Gauntlet | Noticed a two-headed ogre
  9027 | Gauntlet | a faun changed into a two-headed ogre
  9031 | Gauntlet | Noticed a cyclops
  9031 | Gauntlet | a two-headed ogre changed into a cyclops
  9035 | Gauntlet | Found a transporter.
  9037 | Gauntlet | Found a transporter.
  9039 | Gauntlet | a cyclops changed into a snapping turtle
  9065 | Gauntlet | Found a transporter.
  9092 | Gauntlet | Noticed a deep troll
  9093 | Gauntlet | a deep troll changed into a snapping turtle
  9095 | Gauntlet | Noticed a death drake
  9101 | Gauntlet | Noticed a swamp dragon
  9101 | Gauntlet | a merfolk changed into a swamp dragon
  9103 | Gauntlet | a swamp dragon changed into a wind drake
  9104 | Gauntlet | Noticed an unseen horror
  9104 | Gauntlet | a wind drake changed into an unseen horror
  9105 | Gauntlet | an unseen horror changed into a hippogriff
  9106 | Gauntlet | a death drake changed into a yaktaur
  9109 | Gauntlet | Noticed an unseen horror
  9116 | Gauntlet | Noticed a death drake
  9116 | Gauntlet | a hippogriff changed into a death drake
  9120 | Gauntlet | Noticed a glowing shapeshifter
  9120 | Gauntlet | Noticed a sea snake
  9120 | Gauntlet | a glowing shapeshifter changed into a sea snake
  9122 | Gauntlet | Noticed a cyclops
  9122 | Gauntlet | a sea snake changed into a cyclops
  9127 | Gauntlet | Noticed a shock serpent
  9127 | Gauntlet | a cyclops changed into a shock serpent
  9128 | Gauntlet | Noticed a shining eye
  9128 | Gauntlet | a shock serpent changed into a shining eye
  9141 | Gauntlet | Noticed a frost giant
  9141 | Gauntlet | Noticed an azure jelly
  9141 | Gauntlet | a frost giant changed into an azure jelly
  9142 | Gauntlet | Noticed an orb spider
  9144 | Gauntlet | Noticed a frost giant
  9144 | Gauntlet | an azure jelly changed into a frost giant
  9145 | Gauntlet | Found a transporter.
  9154 | Gauntlet | Noticed a harpy
  9154 | Gauntlet | an orb spider changed into a harpy
  9160 | Gauntlet | Noticed a quicksilver dragon
  9160 | Gauntlet | a frost giant changed into a quicksilver dragon
  9161 | Gauntlet | Noticed an iron giant
  9161 | Gauntlet | a quicksilver dragon changed into an iron giant
  9165 | Gauntlet | Found a transporter.
  9165 | Gauntlet | a harpy changed into a blink frog
  9169 | Gauntlet | Noticed an acid blob
  9169 | Gauntlet | an iron giant changed into an acid blob
  9171 | Gauntlet | Noticed a stone giant
  9171 | Gauntlet | an acid blob changed into a stone giant
  9177 | Gauntlet | Noticed a dire elephant
  9177 | Gauntlet | a stone giant changed into a dire elephant
  9274 | Gauntlet | Killed a wizard
  9325 | Gauntlet | Noticed a swamp dragon
  9325 | Gauntlet | a torpor snail changed into a swamp dragon
  9329 | Gauntlet | a swamp dragon changed into a hippogriff
  9346 | Gauntlet | Reached skill level 7 in Axes
  9378 | Gauntlet | Noticed a shock serpent
  9379 | Gauntlet | Noticed a sea snake
  9383 | Gauntlet | a shock serpent changed into a faun
  9388 | Gauntlet | Noticed a great orb of eyes
  9388 | Gauntlet | a tyrant leech changed into a great orb of eyes
  9390 | Gauntlet | Noticed a queen ant
  9390 | Gauntlet | a great orb of eyes changed into a queen ant
  9474 | Gauntlet | Noticed an alligator
  9476 | Gauntlet | Noticed an alligator
  9488 | Gauntlet | Noticed a satyr
  9488 | Gauntlet | an alligator changed into a satyr
  9491 | Gauntlet | Noticed an anaconda
  9495 | Gauntlet | Noticed a cyclops
  9495 | Gauntlet | a yaktaur changed into a cyclops
  9497 | Gauntlet | Noticed a swamp dragon
  9497 | Gauntlet | a cyclops changed into a swamp dragon
  9500 | Gauntlet | Noticed a two-headed ogre
  9500 | Gauntlet | a swamp dragon changed into a two-headed ogre
  9502 | Gauntlet | an anaconda changed into a faun
  9503 | Gauntlet | Noticed a death drake
  9503 | Gauntlet | an elephant changed into a death drake
  9506 | Gauntlet | Noticed an anaconda
  9507 | Gauntlet | Got a pair of distressingly furry gloves
  9518 | Gauntlet | Identified the cursed +0 pair of gloves "Bialusm" {Int+8
                  | Slay-2} (You found it in a Gauntlet)
  9532 | Gauntlet | Noticed a lindwurm
  9532 | Gauntlet | Noticed a deep troll
  9532 | Gauntlet | Noticed a shining eye
  9545 | Gauntlet | Noticed a swamp dragon
  9546 | Gauntlet | Noticed a cyclops
  9548 | Gauntlet | a lindwurm changed into a hippogriff
  9567 | Gauntlet | Noticed a minotaur
  9584 | Gauntlet | Killed a minotaur
  9585 | Gauntlet | Reached skill level 8 in Axes
  9586 | Gauntlet | Got a scorched rapier
  9586 | Gauntlet | Got a warped jade ring
  9610 | Gauntlet | Identified the cursed ring "Sushrin" {+Blink rPois rF+
                  | Dex+2 Stlth--} (You found it in a Gauntlet)
  9617 | Gauntlet | Identified the +1 rapier of Courage {pierce, rC++} (You
                  | found it in a Gauntlet)
  9691 | Lair:3   | Noticed Grum
  9709 | Lair:3   | Killed Grum
 10107 | Lair:4   | Noticed an eight-headed hydra
 10108 | Lair:4   | Noticed a minotaur
 10108 | Lair:4   | an eight-headed hydra changed into a minotaur
 10117 | Lair:4   | Reached skill level 1 in Throwing
 10131 | Lair:3   | Killed a minotaur
 10205 | Lair:4   | Noticed an oklob plant
 10205 | Lair:4   | Noticed an oklob plant
 10220 | Lair:4   | Noticed an oklob plant
 10232 | Lair:4   | Killed an oklob plant
 10233 | Lair:4   | Reached XP level 12. HP: 103/103 MP: 11/11
 10247 | Lair:4   | Reached skill level 9 in Axes
 10346 | Lair:4   | Reached skill level 10 in Shields
 10575 | Lair:4   | Reached skill level 10 in Axes
 10583 | Lair:4   | Noticed an eight-headed hydra
 10633 | Lair:4   | Killed a ten-headed hydra
 10634 | Lair:4   | Reached skill level 5 in Throwing
 11532 | Lair:5   | Reached skill level 1 in Evocations
 11660 | Lair:5   | Noticed a death yak
 11660 | Lair:5   | Noticed a death yak
 11660 | Lair:5   | Noticed a death yak
 11677 | Lair:5   | Noticed a death yak
 11679 | Lair:5   | Noticed a death yak
 11680 | Lair:5   | Noticed a death yak
 11687 | Lair:5   | Killed a death yak
 11688 | Lair:5   | Reached skill level 11 in Axes
 11698 | Lair:5   | Killed a death yak
 11700 | Lair:5   | Killed a death yak
 11702 | Lair:5   | Reached **** piety under Trog
 11702 | Lair:5   | Killed a death yak
 11704 | Lair:5   | Killed a death yak
 11724 | Lair:5   | Killed a death yak
 11724 | Lair:5   | Noticed a four-headed hydra
 11751 | Lair:5   | Killed an eight-headed hydra
 11752 | Lair:5   | Reached skill level 12 in Axes
 11752 | Lair:5   | Reached XP level 13. HP: 110/110 MP: 15/15
 11879 | Lair:5   | Found a staircase to the Elven Halls.
 12557 | Lair:6   | Entered Level 6 of the Lair of Beasts
 12602 | Lair:5   | Reached skill level 5 in Evocations
 12723 | Lair:6   | Reached skill level 13 in Axes
 13001 | Lair:6   | HP: 6/165 [14-headed hydra (5)]
 13002 | Lair:6   | Slain by a cane toad

Skill      XL: |  1  2  3  4  5  6  7  8  9 10 11 12 13 |
---------------+----------------------------------------+-----
Armour         | 1 2 3 4 5 7 8 |  8.7
Stealth        | 3 |  3.0
Fighting       | 2 3 4 5 7 8 |  8.8
Dodging        | 4 5 6 8 |  8.8
Polearms       | 3 4 |  4.0
Staves         | 6 11 | 11.0
Shields        | 5 9 10 | 10.0
Axes           | 3 8 12 13 | 13.5
Throwing       | 2 6 |  6.0
Evocations     | 4 6 |  6.8
Maces & Flails | |  1.2

Action                   |  1- 3 |  4- 6 |  7- 9 | 10-12 | 13-15 || total
-------------------------+-------+-------+-------+-------+-------++-------
Melee: Whip              |    50 |       |       |       |       ||    50
       Headbutt          |     9 |    16 |    52 |   102 |    52 ||   231
       Spear             |    12 |   137 |   283 |       |       ||   432
       Quarterstaff      |       |       |    31 |    54 |       ||    85
       Broad axe         |       |       |       |   455 |   182 ||   637
       Unarmed           |       |       |       |    10 |       ||    10
 Fire: Blowgun           |       |       |       |     6 |       ||     6
Throw: Stone             |     9 |       |       |       |       ||     9
       Javelin           |       |       |       |    29 |       ||    29
Invok: Berserk           |       |     3 |     9 |    17 |     1 ||    30
       Trog's Hand       |       |       |     1 |    16 |     5 ||    22
 Abil: Evoke Blink       |       |       |       |     3 |       ||     3
Evoke: Wand              |       |       |       |     1 |       ||     1
  Use: Scroll            |     1 |     4 |     2 |    17 |     2 ||    26
       Potion            |       |       |     2 |     4 |       ||     6
 Stab: Sleeping          |     1 |     1 |       |       |       ||     2
       Petrifying        |       |       |       |       |     2 ||     2
  Eat: Chunk             |     3 |     6 |    19 |    29 |     8 ||    65
       Ration            |       |     1 |     2 |     7 |     1 ||    11
Armor: Robe              |    13 |       |       |       |       ||    13
       Ring mail         |     4 |    26 |       |       |       ||    30
       Plate armour      |       |    14 |   137 |   196 |   123 ||   470
Dodge: Dodged            |    34 |    48 |    83 |    26 |    18 ||   209
Block: Other             |       |     2 |    37 |    10 |       ||    49
       Reflection        |       |       |     1 |    15 |       ||    16
       Medium shield     |       |       |       |   816 |   384 ||  1200
